 Dungeon Crawl Stone Soup version 0.32-a0-673-g3729bd50f8 (webtiles) character file.

Game seed: 3654126507663002838

34 ragingrage the Chopper (level 3, -4/26 HPs)
             Began as a Mountain Dwarf Wanderer on Mar 11, 2024.
             Slain by a gnoll
             ... wielding a +0 flail
              (7 damage)
             ... on level 2 of the Dungeon.
             The game lasted 00:01:33 (1933 turns).

ragingrage the Chopper (Mountain Dwarf Wanderer)    Turns: 1933, Time: 00:01:33

Health: -4/26      AC:  5    Str: 20    XL:     3   Next: 14%
Magic:  6/7        EV: 10    Int: 11    God:
Gold:   105        SH:  0    Dex:  6    Spells: 3/7 levels left

rFire   . . .        a - +3 hand axe
rCold   . . .        (no shield)
rNeg    . . .        b - +0 ring mail
rPois   .            (no helmet)
rElec   .            (no cloak)
rCorr   .            (no gloves)
SInv    .            (no boots)
Will    .....        (no amulet) Stlth
                     (no ring)
HPRegen 0.24/turn    (no ring)
MPRegen 0.10/turn

%: no passive effects
@: no status effects
A: runic magic, artefact enchanting
a: no special abilities


You were on level 2 of the Dungeon.
You visited 1 branch of the dungeon, and saw 2 of its levels.

You collected 105 gold pieces.

Inventory:

Hand Weapons
 a - a +3 hand axe (weapon)
 f - a +2 glaive of flaming
 j - the +3 spear of Evukhloqett {flame, Fly rPois}
   (You found it on level 2 of the Dungeon)

   rPois:     It protects you from poison.
   Fly:       It grants you flight.
Armour
 b - a +0 ring mail (worn)
Wands
 g - a wand of flame (10)
Scrolls
 c - a scroll of silence
 d - a scroll of brand weapon
 e - a scroll of identify


   Skills:
 + Level 5.6 Axes
 - Level 1.1 Armour
 - Level 1.0 Dodging
 - Level 2.6 Spellcasting
 + Level 2.2 Earth Magic


You had 3 spell levels left.
You knew the following spells:

 Your Spells              Type           Power      Damage    Failure   Level
a - Sandblast             Erth           12%        2d6       12%         1
b - Stone Arrow           Conj/Erth      6%         3d7       50%         3

Your spell library contained the following spells:

 Spells                   Type           Power      Damage    Failure   Level
 Jinxbite                 Hex            2%         N/A       41%         2
 Yara's Violent Unravell  Hex/Alch       0%         3d3       100%        5
 Enfeeble                 Hex            0%         N/A       100%        7


Dungeon Overview and Level Annotations

Branches:
Dungeon (2/15)

Altars:


Innate Abilities, Weirdness & Mutations

Your spellcasting is much less encumbered by armour.
You can use scrolls of enchantment on lesser artefacts.


Message History

The ball python hisses angrily.
The blast of sand hits the endoplasm.
You hit the endoplasm.
You kill the endoplasm!
A ball python is nearby!
The blast of sand hits the ball python!
You kill the ball python!
No target in view!
You see here a ball python corpse.
You see here a ball python corpse.
Found a stone staircase leading down.
No target in view!
You can't see any susceptible monsters within range! (Use Z to cast anyway.) 3 gnolls come into view.
The gnoll shouts! x3
The blast of sand hits the gnoll.
A gnoll comes into view. It is wielding a +0 flail.
The gnoll hits you with a +0 flail.
The gnoll shouts!
You hit the gnoll but do no damage. The gnoll barely misses you.
There are monsters nearby!
You hit the gnoll. The gnoll hits you with a +0 flail!
You are too injured to fight recklessly!
There are monsters nearby!
You barely miss the gnoll. The gnoll hits you with a +0 flail!
* * * LOW HITPOINT WARNING * * *
You aren't carrying any potions.
As you read the scroll labelled VURGHI MIUT, it crumbles to dust.
It is a scroll of identify.
d - a scroll of brand weapon The gnoll barely misses you.
Unknown command.
As you read the scroll labelled ZOMOPU TUVVY, it crumbles to dust.
You feel aware of your surroundings.
It was a scroll of revelation.
The gnoll closely misses you.
As you read the scroll labelled UGACUN RALAIDGH, it crumbles to dust.
It is a scroll of enchant weapon.
Your +2 hand axe glows red for a moment.
The gnoll hits you with a +0 flail!
You die...

*###~~~~~~~~~#####~~~~##
#.######~~~#### ###~~~~
#.#######~~~~## ##~..
#.##################...#
#.#######............#.#
#.#######.#########....)
#....ggg#[##### #......
#.#####g#.##### *#.~....
#.#####@#.##### #≈≈≈≈≈≈≈
#.#####.#.##### #######.
#.#####.#.######## ####.
#.#####.#.######.###....
#.......#....†..#....##.
####.###########.#.####.
####.###########.#.# ##)
####.###########.#.# #..
###.### #.#.###..


You could see 3 gnolls.

Vanquished Creatures
  4 ball pythons
  4 endoplasms
  3 giant cockroaches
  2 goblins
  2 hobgoblins (D:1)
  2 kobolds
  4 quokkas
  5 bats
  2 frilled lizards (D:1)
  2 rats (D:1)
30 creatures vanquished.

Notes
Turn   | Place    | Note
-------+----------+-------------------------------------------
     0 | D:1      | ragingrage the Mountain Dwarf Wanderer began the quest for
                  | the Orb.
     0 | D:1      | ragingrage set off with the following items: a +2 hand axe,
                  | a +0 ring mail, a scroll of silence; and the following
                  | spell memorised: Sandblast; and the following spells
                  | available to memorise: Stone Arrow.
     0 | D:1      | Reached XP level 1. HP: 14/14 MP: 4/4
    61 | D:1      | Reached skill level 5 in Axes
   350 | D:1      | Reached XP level 2. HP: 20/20 MP: 1/5
  1429 | D:2      | Reached XP level 3. HP: 24/26 MP: 5/7
  1457 | D:2      | Learned a level 3 spell: Stone Arrow
  1619 | D:2      | Identified the +3 spear of Evukhloqett {flame, Fly rPois}
  1933 | D:2      | Slain by a gnoll

Illustrated notes

Levels and vault maps discovered:
D:1:      tekkud_arrival_beachfront_property, layout_basic, nrook_loot_triangle
D:2:      layout_loops_ring, serial_rivers, chequers_serial_rivers_micro_e,
          chequers_serial_rivers_room_a, chequers_serial_rivers_large_b,
          chequers_serial_rivers_room_b, chequers_serial_rivers_room_a

Skill      XL: |  1  2 |
---------------+-------+-----
Axes           | 5 |  5.6
Earth Magic    | 2 |  2.2
Armour         | |  1.1
Dodging        | |  1.0
Spellcasting   | |  2.6

Action                     || total
---------------------------++-------
  Melee: Hand axe          ||    28
   Cast: Sandblast         ||    37
    Use: Potion            ||     1
         Scroll            ||     3
 Armour: Ring mail         ||    36
  Dodge: Dodged            ||    21

Table legend: (Time is in decaauts)
 A = Elapsed time spent in this place.
 B = Non-inter-level travel time spent in this place.
 C = Inter-level travel time spent in this place.
 D = Time resting spent in this place.
 E = Time spent auto-exploring this place.
 F = Levels seen in this place.
 G = Mean time per level.
                   A        B        C        D        E       F      G
               +--------+--------+--------+--------+--------+-----+--------+
         Total |   1980 |   1966 |     14 |     53 |   1704 |   2 |  990.0 |
       Dungeon |   1980 |   1966 |     14 |     53 |   1704 |   2 |  990.0 |
               +--------+--------+--------+--------+--------+-----+--------+

Top non-repeatable levels by time:
     D:1: 1147 daAuts
     D:2: 832 daAuts
